 Seeded DCSS version 0.30.1-5-ged363bc7ee (webtiles) character file.

Game seed: 16653573533833982129 (custom seed)

18 Psyclone the Conjurer (level 2, 15/15 HPs)
             Began as a Deep Elf Conjurer on Sept 19, 2023.
             Quit the game on level 1 of the Dungeon.
             The game lasted 00:02:59 (640 turns).

Psyclone the Conjurer (Deep Elf Conjurer)            Turns: 640, Time: 00:03:00

Health: 15/15      AC:  2    Str:  4    XL:     2   Next: 51%
Magic:  8/8        EV: 12    Int: 28    God:
Gold:   921        SH:  0    Dex: 13    Spells: 5/8 levels left

rFire   . . .        a - +0 dagger
rCold   . . .        (no shield)
rNeg    . . .        g - +0 robe
rPois   .            (no helmet)
rElec   .            (no cloak)
rCorr   .            (no gloves)
SInv    .            (no boots)
Will    .....        (no amulet)
Stlth   ++           e - +6 ring of intelligence
HPRegen 0.22/turn    (no ring)
MPRegen 0.11/turn

%: no passive effects
@: no status effects
A: no striking features
a: no special abilities


You were on level 1 of the Dungeon.
You visited 1 branch of the dungeon, and saw 2 of its levels.

You collected 921 gold pieces.

Inventory:

Hand Weapons
 a - a +0 dagger (weapon)
Armour
 g - a +0 robe (worn)
Jewellery
 e - a +6 ring of intelligence (left hand)
 i - an amulet of the acrobat
Scrolls
 c - a scroll of butterflies {unknown}
 h - 4 scrolls of identify {unknown}
 j - a scroll of amnesia {unknown}
Potions
 b - a potion of magic
 d - a potion of ambrosia {unknown}
 f - a potion of attraction {unknown}
 k - a potion of curing {unknown}
 l - a potion of berserk rage {unknown}
 m - a potion of might {unknown}


   Skills:
 - Level 2.4 Dodging
 - Level 2.4 Stealth
 + Level 3.8 Spellcasting
 + Level 4.8 Conjurations


You had 5 spell levels left.
You knew the following spells:

 Your Spells              Type           Power      Damage    Failure   Level
a - Magic Dart            Conj           100%       1d8       1%          1
b - Searing Ray           Conj           64%        2d6       1%          2

Your spell library contained the following spells:

 Spells                   Type           Power      Damage    Failure   Level
 Dazzling Flash           Conj/Hex       36%        N/A       9%          3
 Fulminant Prism          Conj/Hex       9%         3d7       28%         4
 Iskenderun's Mystic Bla  Conj/Tloc      18%        2d6       28%         4


Dungeon Overview and Level Annotations

Branches:
Dungeon (2/15) Zot: 11361

Altars:


Message History

You see here a +0 club.
Found a stone staircase leading down.
There is a stone staircase leading down here.
Found a brown potion.
An endoplasm comes into view.
The endoplasm quivers.
Casting: Magic Dart (safe; 1% risk of failure)
Confirm with . or Enter, or press ? or * to list all spells.
Aiming: Magic Dart (safe; 1% risk of failure)
Press: ? - help, Shift-Dir - straight line, f - endoplasm
Aim: an endoplasm (100% to hit)
The magic dart hits the endoplasm.
The endoplasm is almost dead.
You now have 7/8 mp.
Casting: Magic Dart (safe; 1% risk of failure)
Confirm with . or Enter, or press ? or * to list all spells.
Aiming: Magic Dart (safe; 1% risk of failure)
Press: ? - help, Shift-Dir - straight line, f/p - endoplasm
Aim: an endoplasm (almost dead, 100% to hit)
The magic dart hits the endoplasm!
You kill the endoplasm!
You now have 6/8 mp.
Casting: Magic Dart (safe; 1% risk of failure)
Confirm with . or Enter, or press ? or * to list all spells.
You can't see any susceptible monsters within range! (Use Z to cast anyway.) Unknown command.
A sourceless malevolence fills the Dungeon...
You fall into a shaft and drop 1 floor!
The shaft crumbles and collapses.
Found a stone staircase leading up.
There is a stone staircase leading up here.
You climb upwards.
There is a stone staircase leading down here.
MP restored: 8
There is a stone staircase leading down here.
m - a brown potion
Found a scroll labelled MENONA FYMA.
n - a scroll labelled MENONA FYMA This is a scroll of acquirement!
Something appears at your feet!
You now have 921 gold pieces (gained 876).
Are you sure you want to abandon this character and quit the game? (Confirm with "yes".)

###########
#.....@...#
####.#######.#
########...........
#
............#######
####...#.#...#
..............#
####...#......#
##.##.#..#.#
#.##....#.#


There were no monsters in sight!

Vanquished Creatures
  2 endoplasms (D:1)
  2 hobgoblins (D:1)
  4 jackals (D:1)
  3 ball pythons (D:1)
  A bat (D:1)
  A frilled lizard (D:1)
  2 goblins (D:1)
  A kobold (D:1)
  2 rats (D:1)
18 creatures vanquished.

Notes
Turn   | Place    | Note
-------+----------+-------------------------------------------
     0 | D:1      | Psyclone the Deep Elf Conjurer began the quest for the Orb.
     0 | D:1      | Reached XP level 1. HP: 10/10 MP: 6/6
   272 | D:1      | Reached XP level 2. HP: 15/15 MP: 4/8
   275 | D:1      | Learned a level 2 spell: Searing Ray
   552 | D:1      | You fall into a shaft and drop 1 floor!
   636 | D:1      | Identified a scroll of acquirement
   636 | D:1      | Acquired 876 gold pieces
   640 | D:1      | Quit the game

Illustrated notes

Levels and vault maps discovered:
D:1:      dpeg_arrival_tiny_k, layout_loops_ring, minmay_hexomino_c4
D:2:      layout_basic, serial_shops, shop, minmay_joined_circles, uniq_natasha,
          uniq_terence

Action                     || total
---------------------------++-------
  Melee: Dagger            ||    13
   Cast: Magic Dart        ||    23
         Searing Ray       ||     2
    Use: Scroll            ||     1
   Stab: Sleeping          ||     1
 Armour: Robe              ||     3
  Dodge: Dodged            ||     7
